 Dungeon Crawl Stone Soup version 0.30.1-4-g462c640d31 (webtiles) character file.

Game seed: 4720817175279317268

175 rddays123 the Covered (level 5, -5/47 HPs)
             Began as a Minotaur Fighter on Sept 8, 2023.
             Splashed by a jelly's acid (8 damage)
             ... on level 4 of the Dungeon.
             The game lasted 00:03:41 (2133 turns).

rddays123 the Covered (Minotaur Fighter)            Turns: 2133, Time: 00:03:42

Health: -5/47      AC:  3    Str: 22    XL:     5   Next: 29%
Magic:  4/4        EV:  9    Int:  5    God:
Gold:   120        SH:  4    Dex: 10    Spells: 4/4 levels left

rFire   + . .        a - +0 war axe
rCold   . . .        c - +0 buckler
rNeg    . . .        b - +0 scale mail
rPois   .            (helmet restricted)
rElec   .            m - scarf {+Inv}
rCorr   .            (no gloves)
SInv    .            (no boots)
Will    .....        (no amulet) Stlth
                     n - ring of protection from fire
HPRegen 0.27/turn    (no ring)
MPRegen 0.09/turn

%: no passive effects
@: corroded, very slow
A: horns 2, retaliatory headbutt
a: Evoke Invisibility


You were on level 4 of the Dungeon.
You visited 1 branch of the dungeon, and saw 4 of its levels.

You collected 120 gold pieces.

Inventory:

Hand Weapons
 a - a +0 war axe (weapon)
Armour
 b - a +0 scale mail (worn)
 c - a +0 buckler (worn)
 m - a scarf of invisibility (worn)
Jewellery
 n - a ring of protection from fire (left hand)
Wands
 s - a wand of paralysis (4)
Scrolls
 f - a scroll of fog
 g - a scroll of enchant weapon {unknown}
 h - a scroll of amnesia {unknown}
 k - a scroll of teleportation {unknown}
 l - 2 scrolls of identify {unknown}
 p - a scroll of magic mapping {unknown}
 q - a scroll of fear {unknown}
Potions
 d - a potion of might
 e - a potion of heal wounds {unknown}
 i - a potion of invisibility {unknown}
 j - 2 potions of degeneration {unknown}
 o - a potion of resistance {unknown}
 r - a potion of berserk rage {unknown}
 t - a potion of brilliance {unknown}


   Skills:
 + Level 4.8 Fighting
 + Level 4.0 Axes
 + Level 4.8 Armour
 + Level 4.7 Shields


You had 4 spell levels left.
You didn't know any spells.
Your spell library contained the following spells:

 Spells                   Type           Power      Damage    Failure   Level
 Apportation              Tloc           0%         N/A       85%         1
 Necrotise                Necr           0%         1d4       85%         1
 Summon Small Mammal      Summ           0%         N/A       85%         1
 Vampiric Draining        Necr           0%         2d6       99%         3
 Agony                    Necr           0%         N/A       100%        5


Dungeon Overview and Level Annotations

Branches:
Dungeon (4/15)
 Temple: D:4-7

Altars:
Dithmenos
Sif Muna
Trog
The Shining One

Shops:
D:4 [


Innate Abilities, Weirdness & Mutations

You have a pair of horns on your head.
You reflexively headbutt those who attack you in melee.


Message History

You hit the orc. You block the orc's attack. x2
Your Axes skill increases to level 4!
You barely miss the orc.
The orc is severely wounded.
The orc barely misses you.
You hit the orc but do no damage.
The orc is severely wounded.
The orc hits you with a +0 short sword.
Your unstable footing causes you to fumble your attack.
The orc hits you but does no damage. The jelly hits you. The acid corrodes you!
You are splashed with acid!
The orc hits you with a +0 short sword. The jelly hits you but does no damage.
You barely miss the orc.
The orc is severely wounded.
You hit the jelly.
Your hands burn!
The jelly barely misses you. The orc hits you with a +0 short sword.
You are too injured to fight recklessly!
You are too injured to fight recklessly!
You are too injured to fight recklessly!
You are too injured to fight recklessly!
You hit the jelly.
Your hands burn!
The jelly is heavily wounded.
You barely miss the orc. The jelly hits you but does no damage.
The orc hits you with a +0 short sword.
You slash the jelly!
Your hands burn!
* * * LOW HITPOINT WARNING * * *
The jelly is almost dead.
You hit the orc but do no damage. You block the orc's attack.
You block the jelly's attack. You block the orc's attack. The jelly hits you.
* * * LOW HITPOINT WARNING * * *
You are splashed with acid!
* * * LOW HITPOINT WARNING * * *
As you read the scroll of fog, it crumbles to dust.
The scroll dissolves into smoke.
The jelly hits you but does no damage. The orc closely misses you.
The jelly barely misses you. You block the orc's attack. The jelly hits you.
* * * LOW HITPOINT WARNING * * *
You are splashed with acid!
You die...

~~≈≈≈≈~.~#≈≈≈≈≈~#.#
#≈≈#.).~~~≈≈~~#.##.
~~~#≈~.<.~~~~≈≈......
≈≈~~~~...~~~~≈~~!#
~#≈≈≈≈≈8≈~≈≈~~~~.#
≈w≈≈≈≈~.~~~~≈≈~..+
.~≈≈≈≈8.~!#≈≈~...#
.≈≈≈≈≈.[.§§≈≈≈>.##
##~≈≈≈#≈~§§§@...##.#
...w#w≈≈#§§Jo.......#
.....~~.§§§§.........
.....§§§.§...$...#
...##...##...##.#..
## ######...# ....
...... .. ?......
......


You could see a jelly and an orc.

Vanquished Creatures
  A bullfrog (D:3)
  A gnoll (D:3)
  3 adders
  3 dart slugs
  An orc (D:3)
  3 endoplasms (D:1)
  8 giant cockroaches
  10 goblins
  4 hobgoblins
  3 jackals (D:1)
  4 kobolds (D:1)
  A quokka (D:1)
  2 ball pythons (D:3)
  11 bats
  4 frilled lizards
  3 rats
62 creatures vanquished.

Notes
Turn   | Place    | Note
-------+----------+-------------------------------------------
     0 | D:1      | rddays123 the Minotaur Fighter began the quest for the Orb.
     0 | D:1      | Reached XP level 1. HP: 19/19 MP: 0/0
   204 | D:1      | Reached XP level 2. HP: 27/27 MP: 1/1
   475 | D:1      | Reached XP level 3. HP: 33/33 MP: 2/2
   803 | D:2      | Found a shadowy altar of Dithmenos.
  1232 | D:3      | Found a shimmering blue altar of Sif Muna.
  1235 | D:3      | Reached XP level 4. HP: 41/41 MP: 3/3
  1416 | D:3      | Found a bloodstained altar of Trog.
  1418 | D:3      | Found a glowing golden altar of the Shining One.
  1707 | D:3      | Noticed a bullfrog
  1712 | D:3      | Killed a bullfrog
  1713 | D:3      | Reached XP level 5. HP: 47/47 MP: 4/4
  2110 | D:4      | Found Qug Kuef's Armour Emporium.
  2133 | D:4      | Splashed by a jelly's acid

Illustrated notes

Levels and vault maps discovered:
D:1:      lemuel_arrival_muddy, layout_loops_ring
D:2:      layout_basic, basic_altar, nrook_campfire
D:3:      minmay_evil_eye, layout_basic, mainiacjoe_overflow_brackets,
          nicolae_overflow_hidden_temple, chequers_serial_rivers_micro_c
D:4:      kennysheep_slugbush, layout_gridville, led_xom_imps,
          minmay_temple_entry_mini_moons, serial_shops, shop_fountains,
          saegor_snake_ambush, uniq_robin

Skill      XL: |  1  2  3  4  5 |
---------------+----------------+-----
Armour         | 4 |  4.8
Fighting       | 4 |  4.8
Shields        | 4 |  4.7
Axes           | 3 4 |  4.0

Action                     |  1- 3 |  4- 6 || total
---------------------------+-------+-------++-------
  Melee: War axe           |    67 |    54 ||   121
         Headbutt          |     7 |     5 ||    12
    Use: Scroll            |     1 |     1 ||     2
 Armour: Scale mail        |    47 |    36 ||    83
  Dodge: Dodged            |    36 |    22 ||    58
  Block: Buckler           |    15 |    14 ||    29
